cohdb
Replays
Latest Replays
All Replays
Popular Replays
Top Player Replays
Match Explorer
How It Works
Community
CoH3 Stats
Reddit
Sign in to upload your games and track your stats! →
Sign in with Steam
Match 42950063
Unlisted
Match 42950063
Overview
Messages
Build Orders
End
Construct Infanterie Kompanie
Selects Terror Battlegroup
Selects Machine Gun Camouflage
MG 42 Machine Gun Team
Grenadier Squad
MG 42 Machine Gun Team
Grenadier Squad
Construct Panzergrenadier Kompanie
Panzergrenadier Squad
Panzergrenadier Squad
Support Elements
Selects Interrogate
Medical Bunker
StuG III G Assault Gun
Nebelwerfer 42 Rocket Launcher Team
Nebelwerfer 42 Rocket Launcher Team
Construct Luftwaffe Kompanie
Wirbelwind Flakpanzer
Panzergrenadier Squad
Panzergrenadier Squad
StuG III G Assault Gun
Flak 30 Anti-aircraft Gun Team
AI Takeover
Abragi Kaci
lapana
CybeRpuNK
Blunk
SirDrinkAl0t
Unusualsoupcan
vonAJ
jMNO
0
0
Comments
sign in to comment!
No comments posted yet!